 Dungeon Sprint DCSS version 0.26-a0-1033-gd598b01645 (webtiles) character file.

Game seed: 5624386260062158700

10429 sahdkjhfkaj the Brawler (level 11, -2/180 HPs)
             Began as a Troll Monk on Dec 11, 2020.
             Was a High Priest of Sif Muna.
             Slain by a spark wasp (20 damage)
             ... in the Dungeon (Sprint V: "Ziggurat Sprint").
             The game lasted 00:04:19 (995 turns).

sahdkjhfkaj the Brawler (Troll Monk)                 Turns: 995, Time: 00:04:20

Health: -2/180     AC: 25    Str: 24    XL:     11   Next: 36%
Magic:  11/11      EV:  2    Int:  6    God:    Sif Muna [*****.]
Gold:   0          SH:  0    Dex: 12    Spells: 10/10 levels left

rFire    + + .     SeeInvis .     - Unarmed
rCold    + + .     Faith    .   C - +3 tower shield
rNeg     . . .     Spirit   .   G - +9 scales of the Dragon King {rPois rF+ rC+ Will+}
rPois    +         Reflect  .   (helmet restricted)
rElec    +         Harm     .   (no cloak)
rCorr    +         Rampage  .   (gloves unavailable)
Will     +....     NoTele   +   (boots unavailable)
Stlth    ..........             (no amulet)
HPRegen  0.80/turn              (no ring)
MPRegen  0.12/turn              (no ring)

@: confused, mighty, berserking, resistant, very slightly contaminated, hasted,
studying Dodging, invisible, very quick
A: large, unfitting armour, claws 3, deterioration 1, regeneration 1, shaggy fur
1, tough skin 3
a: Channel Magic, Forget Spell, Divine Exegesis, Renounce Religion


You were in the Dungeon.
You worshipped Sif Muna.
Sif Muna was extremely pleased with you.
You visited 1 branch

Inventory:

Armour
 a - a +0 robe
 C - a +3 tower shield (worn)
 G - the +9 scales of the Dragon King (worn) {rPois rF+ rC+ Will+}
   (You found it in the Dungeon)

   It protects you from fire.
   It protects you from cold.
   It protects you from poison.
   It affects your willpower, your defense against some magical effects.
Jewellery
 s - an uncursed ring of flight
 t - a +6 ring of dexterity
 u - a +6 ring of dexterity
 v - a +6 ring of intelligence
 w - a +6 ring of intelligence
 x - a +6 ring of strength
 y - a +6 ring of strength
Wands
 z - a wand of disintegration (7)
 A - a wand of iceblast (6)
 B - a wand of acid (7)
Scrolls
 g - 3 scrolls of blinking
 m - 4 scrolls of amnesia
 n - 7 scrolls of fog
 o - a scroll of holy word
 p - 5 scrolls of identify
 q - 5 scrolls of remove curse
 r - 2 scrolls of fear
 E - a scroll of brand weapon
Potions
 b - 10 potions of curing
 c - 8 potions of heal wounds
 d - 5 potions of haste
 e - 6 potions of magic
 f - a potion of berserk rage
 h - 2 potions of brilliance
 j - 2 potions of resistance
 l - 3 potions of might
Books
 F - a manual of Dodging
Miscellaneous
 k - a lightning rod (4/4)
 D - a condenser vane


   Skills:
 - Level 11.1 Fighting
 - Level 2.4 Dodging
 - Level 1.0 Stealth
 - Level 14.6 Shields
 - Level 17.2 Unarmed Combat
 + Level 1.7 Invocations


You had 10 spell levels left.
You didn't know any spells.
Your spell library contained the following spells:

 Spells                   Type           Power        Failure   Level
 Animate Skeleton         Necr           #.....       100%        1
 Apportation              Tloc           #.....       100%        1
 Corona                   Hex            #......      100%        1
 Foxfire                  Conj/Fire      #...         100%        1
 Pain                     Necr           #...         100%        1
 Sandblast                Erth           #.....       100%        1
 Shock                    Conj/Air       #...         100%        1
 Sting                    Tmut/Pois      #...         100%        1
 Summon Small Mammal      Summ           #...         100%        1
 Call Imp                 Summ           #.......     100%        2
 Corpse Rot               Necr/Air       N/A          100%        2
 Passwall                 Tmut/Erth      #.......     100%        2
 Poisonous Vapours        Pois/Air       #.....       100%        2
 Slow                     Hex            #.......     100%        2
 Swiftness                Air            #.......     100%        2
 Conjure Flame            Conj/Fire      #.......     100%        3
 Gell's Gravitas          Tloc           #.........   100%        3
 Lesser Beckoning         Tloc           #.........   100%        3
 Mephitic Cloud           Conj/Pois/Air  #.......     100%        3
 Ozocubu's Armour         Ice            #.......     100%        3
 Portal Projectile        Hex/Tloc       #.....       100%        3
 Stone Arrow              Conj/Erth      #.....       100%        3
 Vampiric Draining        Necr           #.........   100%        3
 Airstrike                Air            #.........   100%        4
 Animate Dead             Necr           #.........   100%        4
 Iskenderun's Mystic Bla  Conj/Tloc      #.......     100%        4
 Petrify                  Tmut/Erth      #.......     100%        4
 Sticky Flame             Conj/Fire      #.......     100%        4
 Agony                    Necr           #.......     100%        5
 Bolt of Magma            Conj/Fire/Erth #.........   100%        5
 Borgnjor's Vile Clutch   Necr/Erth      #.........   100%        5
 Fireball                 Conj/Fire      #.........   100%        5
 Iskenderun's Battlesphe  Conj           #.......     100%        5
 Lee's Rapid Deconstruct  Erth           #.........   100%        5
 Lightning Bolt           Conj/Air       #.........   100%        5
 Silence                  Hex/Air        #.........   100%        5
 Summon Forest            Summ/Tloc      #.........   100%        5
 Summon Mana Viper        Hex/Summ       #.......     100%        5
 Conjure Ball Lightning   Conj/Air       #.........   100%        6
 Dispersal                Tloc           #.........   100%        6
 Eringya's Noxious Bog    Tmut/Pois      #.........   100%        6
 Freezing Cloud           Conj/Ice/Air   #.........   100%        6
 Hydra Form               Tmut           #.........   100%        6
 Iron Shot                Conj/Erth      #.........   100%        6
 Ozocubu's Refrigeration  Ice            #.........   100%        6
 Malign Gateway           Summ/Tloc      #.........   100%        7
 Spellforged Servitor     Conj/Summ      #.........   100%        7
 Summon Hydra             Summ           #.........   100%        7
 Chain Lightning          Conj/Air       #.........   100%        8
 Dragon's Call            Summ           #.........   100%        9
 Tornado                  Air            #.........   100%        9


Dungeon Overview and Level Annotations

Branches:
Dungeon (1/1)

Altars:
Ashenzari
Cheibriados
Dithmenos
Elyvilon
Fedhas
Gozag
Hepliaklqana
Kikubaaqudgha
Makhleb
Nemelex Xobeh
Okawaru
Qazlal
Ru
Sif Muna
Trog
Uskayaw
Vehumet
Wu Jian
Xom
Yredelemnul
Zin
The Shining One
Beogh
Jiyva
Lugonu


Innate Abilities, Weirdness & Mutations

You are too large for most types of armour.
You have claws for hands.
Your natural rate of healing is unusually fast.
You are covered in fur. (AC +1)
You have extremely tough skin. (AC +3)
Your body sometimes deteriorates upon taking damage.


Message History

Sif Muna accepts your kill.
You see here Sif Muna's Reference Book on Hexes and the Rocks.
Sif Muna grants you a gift! The hornet barely misses you.
The wolf spider barely misses you. x3
The wolf spider bites you but does no damage.
Your condenser vane has recharged.
Your Invocations skill increases to level 1!
You miss the hornet. The entropy weaver hits you.
* * * LOW HITPOINT WARNING * * *
The entropy weaver hits you but does no damage. x3
The spark wasp stings you but does no damage.
The wolf spider hits you!
* * * LOW HITPOINT WARNING * * *
The wolf spider bites you but does no damage.
The hornet stings you but does no damage.
The redback bites you but does no damage.
You barely miss the entropy weaver.
The entropy weaver is heavily wounded.
The spark wasp stings you!!
You die...

▓...8©8...▓.
▓..|?:"}:.▓..)}()e..▓.
▓..})}=)..▓..:eee=..▓.
▓.........▓.Ee3.....▓.
▓.........▓...E.....▓.
▓.........▓....wEe..▓.
▓....s....▓.e..○....▓.
▓...yss...▓....°....▓.
▓...s@ss..▓.▓..((.▓.▓.
▓...ysB...▓..§§©§§§§▓▓
▓▓▓▓▓▓▓▓▓▓▓▓▓▓▓▓▓▓▓▓▓


You could see an entropy weaver, a spark wasp, a demonic crawler, 2 wolf
spiders, an orb spider (charged), a hornet, a tarantella and 2 redbacks.

Vanquished Creatures
  A mummy priest (D)
  A death scarab (D)
  A sixfirhy (D)
  A shining eye (D)
  9 draconians (D)
  5 toenail golems (D)
  2 eyes of devastation (D)
  A rust devil (D)
  A gargoyle (D)
  3 guardian mummies (D)
  A spriggan (D)
  A tarantella (D)
  A floating eye (D)
  2 black bears (D)
  2 earth elementals (D)
  4 scorpions (D)
  2 crimson imps (D)
  A quasit (D)
  3 jellies (D)
  3 iron imps (D)
  A mummy (D)
  A river rat (D)
  2 shadow imps (D)
  3 ufetubi (D)
  2 oozes (D)
  A jackal (D)
55 creatures vanquished.

Notes
Turn   | Place    | Note
-------+----------+-------------------------------------------
     0 | D        | sahdkjhfkaj the Troll Monk began the quest for the Orb.
     0 | D        | Reached XP level 1. HP: 22/22 MP: 0/0
     0 | D        | Found a shimmering blue altar of Sif Muna.
     0 | D        | Found a sacrificial altar of Ru.
     0 | D        | Found a bloodstained altar of Trog.
     0 | D        | Found a stormy altar of Qazlal.
     0 | D        | Found an iron altar of Okawaru.
     0 | D        | Found a sparkling altar of Nemelex Xobeh.
     0 | D        | Found a blossoming altar of Fedhas.
     1 | D        | Found the +6 Majin-Bo {vamp, MP+6 Int+6}
     1 | D        | Found the +9 heavy crossbow "Sniper" {vorpal, Acc+∞ SInv}
     1 | D        | Found the +10 dark maul {vorpal}
     1 | D        | Found the +15 Maxwell's patent armour {-Cast -Tele rElec
                  | Will+ rCorr}
     1 | D        | Found the +18 shield of the Gong {rElec rN+ Will+ EV-5}
     1 | D        | Found the cursed +14 obsidian axe {vorpal, +Fly SInv
                  | *Curse}
     1 | D        | Found the +7 great mace "Firestarter" {inner flame, rF++}
     1 | D        | Found the +6 shillelagh "Devastator" {shatter}
     1 | D        | Found the +11 plutonium sword {*Contam Stlth-}
     1 | D        | Found the +8 lance "Wyrmbane" {slay drac, rPois rF+ rC+
                  | AC+3}
     1 | D        | Found the +9 sword of Zonguldrok {reap}
     1 | D        | Found the cursed +13 scythe of Curses {drain, *Curse}
     1 | D        | Found the +0 sword of Power
     1 | D        | Found the +7 mace of Variability {chain chaos}
     1 | D        | Found the +7 Singing Sword {vorpal, sonic wave}
     1 | D        | Found the +8 storm bow {elec, penet}
     2 | D        | Found a transporter.
     2 | D        | Found an ancient bone altar of Kikubaaqudgha.
     2 | D        | Found a viscous altar of Jiyva.
     2 | D        | Found a corrupted altar of Lugonu.
     2 | D        | Found a hazy altar of Hepliaklqana.
     2 | D        | Found a burning altar of Makhleb.
     2 | D        | Found an opulent altar of Gozag.
    35 | D        | Reached skill level 5 in Unarmed Combat
    35 | D        | Reached XP level 2. HP: 31/31 MP: 1/1
    75 | D        | Became a worshipper of Sif Muna the Loreminder
    75 | D        | Reached * piety under Sif Muna
    75 | D        | Reached ** piety under Sif Muna
    90 | D        | Entered arena 2.
    90 | D        | Found a transporter.
    98 | D        | Entered arena 3.
    98 | D        | Noticed a black bear
    98 | D        | Noticed a spriggan
    98 | D        | Noticed a black bear
    98 | D        | Found a transporter.
   102 | D        | Killed a black bear
   103 | D        | Reached skill level 5 in Shields
   103 | D        | Reached skill level 7 in Unarmed Combat
   103 | D        | Reached XP level 3. HP: 38/40 MP: 2/2
   103 | D        | Reached XP level 4. HP: 47/49 MP: 3/3
   106 | D        | Killed a black bear
   106 | D        | Reached *** piety under Sif Muna
   107 | D        | Reached skill level 5 in Fighting
   107 | D        | Reached skill level 8 in Unarmed Combat
   107 | D        | Reached XP level 5. HP: 56/57 MP: 4/4
   115 | D        | Killed a spriggan
   116 | D        | Reached skill level 9 in Unarmed Combat
   116 | D        | Reached XP level 6. HP: 67/67 MP: 5/5
   119 | D        | Entered arena 4.
   119 | D        | Noticed a draconian
   119 | D        | Noticed a draconian
   119 | D        | Noticed a draconian
   119 | D        | Noticed a draconian
   119 | D        | Found a transporter.
   120 | D        | Identified the +0 hand axe of Lejeuf {venom, +Rage Str+2}
   127 | D        | Killed a draconian
   128 | D        | Reached skill level 10 in Unarmed Combat
   128 | D        | Reached XP level 7. HP: 76/76 MP: 6/6
   136 | D        | Killed a draconian
   137 | D        | Reached skill level 11 in Unarmed Combat
   137 | D        | Reached XP level 8. HP: 70/87 MP: 7/7
   143 | D        | Killed a draconian
   143 | D        | Reached **** piety under Sif Muna
   144 | D        | Reached skill level 10 in Shields
   144 | D        | Reached skill level 12 in Unarmed Combat
   154 | D        | Killed a draconian
   193 | D        | Entered arena 5.
   193 | D        | Found a transporter.
   201 | D        | Reached XP level 9. HP: 79/96 MP: 8/8
   203 | D        | Reached ***** piety under Sif Muna
   204 | D        | Reached skill level 13 in Unarmed Combat
   215 | D        | Entered arena 6.
   215 | D        | Noticed a draconian
   215 | D        | Noticed a draconian
   215 | D        | Noticed a draconian
   215 | D        | Noticed a draconian
   215 | D        | Noticed a draconian
   215 | D        | Found a transporter.
   237 | D        | Killed a draconian
   237 | D        | Identified Sif Muna's First Steps in Spellweaving (Sif Muna
                  | gifted it to you in the Dungeon)
   237 | D        | Received a gift from Sif Muna
   241 | D        | Killed a draconian
   254 | D        | Killed a draconian
   255 | D        | Reached skill level 14 in Unarmed Combat
   264 | D        | Killed a draconian
   270 | D        | Killed a draconian
   271 | D        | Reached XP level 10. HP: 43/107 MP: 9/9
   371 | D        | Entered arena 7.
   371 | D        | Noticed a death scarab
   371 | D        | Noticed a mummy priest
   372 | D        | Identified the +9 flail of Action {pain, rPois Will- Dex+3}
   372 | D        | Found a transporter.
   378 | D        | Killed a mummy priest
   379 | D        | Reached skill level 15 in Unarmed Combat
   383 | D        | Killed a death scarab
   387 | D        | Reached skill level 10 in Fighting
   390 | D        | Identified Sif Muna's Reference Book on Feathery Hexes (Sif
                  | Muna gifted it to you in the Dungeon)
   390 | D        | Received a gift from Sif Muna
   402 | D        | Got the Compendium of Glacial Confrontation
   404 | D        | Got Sif Muna's Disquisition on Floating Envenoming
   488 | D        | Entered arena 8.
   488 | D        | Noticed a sixfirhy
   489 | D        | Found a transporter.
   519 | D        | Killed a sixfirhy
   680 | D        | Got the Papyrus of the Cloudy Blaze
   685 | D        | Entered arena 9.
   685 | D        | Noticed a rust devil
   686 | D        | Found the +9 scales of the Dragon King {rPois rF+ rC+
                  | Will+}
   686 | D        | Found a transporter.
   690 | D        | Killed a rust devil
   690 | D        | Identified Sif Muna's Papyrus of Displaced Feathers (Sif
                  | Muna gifted it to you in the Dungeon)
   690 | D        | Received a gift from Sif Muna
   691 | D        | Reached skill level 16 in Unarmed Combat
   722 | D        | Entered arena 10.
   722 | D        | Noticed a toenail golem
   722 | D        | Noticed a toenail golem
   722 | D        | Noticed a toenail golem
   722 | D        | Noticed a toenail golem
   722 | D        | Noticed a gargoyle
   722 | D        | Noticed a toenail golem
   723 | D        | Found a transporter.
   726 | D        | Killed a gargoyle
   726 | D        | Received a gift from Sif Muna
   730 | D        | Killed a toenail golem
   734 | D        | Killed a toenail golem
   735 | D        | Reached XP level 11. HP: 114/119 MP: 10/10
   762 | D        | Reached ****** piety under Sif Muna
   892 | D        | Entered arena 11.
   892 | D        | Noticed a shining eye
   893 | D        | Found a transporter.
   893 | D        | Paralysed by a floating eye for 2 turns
   897 | D        | Identified Sif Muna's Compendium of Combat Magic (Sif Muna
                  | gifted it to you in the Dungeon)
   897 | D        | Received a gift from Sif Muna
   905 | D        | Reached skill level 17 in Unarmed Combat
   906 | D        | Gained mutation: Your body sometimes deteriorates upon
                  | taking damage. [a shining eye]
   907 | D        | Killed a shining eye
   961 | D        | Got the Compendium of Supportive Shape Shifting
   963 | D        | Got Sif Muna's Grimoire of Ashen Illusion
   968 | D        | Got the Collected Works on Excruciating Lightness
   971 | D        | Entered arena 12.
   971 | D        | Noticed a deep elf knight
   971 | D        | Noticed a deep elf master archer
   971 | D        | Noticed a deep elf mage
   972 | D        | Noticed a deep elf master archer
   972 | D        | Identified the +1 lajatang of Mapsech {drain, rPois}
   972 | D        | Noticed a deep elf mage
   972 | D        | Noticed a deep elf master archer
   972 | D        | Noticed a deep elf archer
   978 | D        | Found a transporter.
   980 | D        | Entered arena 13.
   980 | D        | Noticed a spark wasp
   980 | D        | Noticed a wolf spider
   980 | D        | Noticed an orb spider
   980 | D        | Noticed a wolf spider
   981 | D        | Noticed an entropy weaver
   993 | D        | Identified Sif Muna's Reference Book on Hexes and the Rocks
                  | (Sif Muna gifted it to you in the Dungeon)
   993 | D        | Received a gift from Sif Muna
   994 | D        | Reached skill level 1 in Invocations
   995 | D        | Slain by a spark wasp

Illustrated notes

Levels and vault maps discovered:
D:        sprint_v [room_start, room_1, room_2, room_3, room_4, room_5, room_6,
          room_7, room_8, room_9, room_10, room_11, room_12, room_13, room_14,
          room_15, room_16, room_17, room_18, room_19, room_20, room_21,
          room_22, room_23, room_24, room_25, room_26, room_27]

Skill      XL: |  1  2  3  4  5  6  7  8  9 10 11 |
---------------+----------------------------------+-----
Fighting       | 3 4 5 6 7 8 9 10 11 | 11.1
Shields        | 3 5 6 7 8 9 10 12 14 | 14.6
Unarmed Combat | 5 7 8 9 10 11 12 14 16 17 | 17.2
Invocations    | 1 |  1.7
Dodging        | |  2.4
Stealth        | |  1.0

Action                   |  1- 3 |  4- 6 |  7- 9 | 10-12 || total
-------------------------+-------+-------+-------+-------++-------
Melee: Unarmed           |     4 |    18 |    88 |   137 ||   247
 Cast: Malign Gateway    |       |       |       |     1 ||     1
Invok: Divine Exegesis   |       |       |       |     1 ||     1
Evoke: Wand              |       |       |       |     1 ||     1
       Lightning rod     |       |       |       |     1 ||     1
       Condenser vane    |       |       |       |     1 ||     1
  Use: Potion            |     5 |       |     1 |    11 ||    17
       Scroll            |       |       |       |     1 ||     1
 Stab: Invisible         |     3 |     1 |       |       ||     4
Armor: Gold dragon scale |     1 |     9 |    34 |   113 ||   157
Dodge: Dodged            |       |       |       |    18 ||    18
Block: Tower shield      |     1 |    12 |    70 |   241 ||   324

Table legend: (Time is in decaauts)
 A = Elapsed time spent in this place.
 B = Non-inter-level travel time spent in this place.
 C = Inter-level travel time spent in this place.
 D = Time resting spent in this place.
 E = Time spent auto-exploring this place.
 F = Levels seen in this place.
 G = Mean time per level.
                   A        B        C        D        E       F      G
               +--------+--------+--------+--------+--------+-----+--------+
         Total |    892 |    892 |      0 |    404 |    110 |   1 |  892.0 |
       Dungeon |    892 |    892 |      0 |    404 |    110 |   1 |  892.0 |
               +--------+--------+--------+--------+--------+-----+--------+

Top non-repeatable levels by time:
       D: 892 daAuts
